 Dungeon Crawl Stone Soup version 0.29-a0-371-g91724d5b39 (webtiles) character file.

Game seed: 6427584569790622309

86 happo123 the Skirmisher (level 4, -8/37 HPs)
             Began as a Formicid Abyssal Knight on May 3, 2022.
             Was a Believer of Lugonu.
             Mangled by a black bear (10 damage)
             ... on level 3 of the Dungeon.
             The game lasted 00:16:43 (2061 turns).

happo123 the Skirmisher (Formicid Abyssal Knight)   Turns: 2061, Time: 00:16:44

Health: -8/37      AC:  6    Str: 17    XL:     4   Next: 78%
Magic:  6/6        EV: 11    Int: 12    God:    Lugonu [**....]
Gold:   32         SH:  0    Dex: 17    Spells: 3/3 levels left

rFire   . . .      SeeInvis +   n - +3 quarterstaff (chaos)
rCold   . . .      Faith    .   (no shield)
rNeg    . . .      Spirit   .   q - +0 ring mail
rPois   .          Reflect  .   (helmet unavailable)
rElec   .          Harm     .   o - +0 cloak {Will+}
rCorr   .          Rampage  .   (no gloves)
Will    +....                   (no boots)
Stlth   +.........              (no amulet)
HPRegen 0.12/turn               m - +6 ring of dexterity
MPRegen 0.10/turn               (no ring)

@: no status effects
A: permanent stasis, dig shafts and tunnels, antennae 3, four strong arms
a: Dig, Shaft Self, Renounce Religion, Depart the Abyss, Bend Space


You were on level 3 of the Dungeon.
You worshipped Lugonu.
Lugonu was pleased with you.
You visited 1 branch of the dungeon, and saw 4 of its levels.
You visited the Abyss 1 time.

You collected 32 gold pieces.

Inventory:

Hand Weapons
 a - a +1 spear
 e - a +2 short sword of speed
 n - a +3 quarterstaff of chaos (weapon)
Missiles
 j - 5 poisoned darts (quivered)
Armour
 b - a +0 leather armour
 o - a +0 cloak of willpower (worn)
 q - a +0 ring mail (worn)
Jewellery
 m - a +6 ring of dexterity (left hand)
Scrolls
 c - a scroll of magic mapping {unknown}
 f - a scroll of vulnerability {unknown}
 h - 2 scrolls of identify {unknown}
 k - a scroll of teleportation {unknown}
 s - a scroll of amnesia {unknown}
Potions
 d - a potion of mutation {unknown}
 g - 2 potions of flight {unknown}
 i - a potion of resistance {unknown}
 l - a potion of lignification {unknown}
 p - a potion of degeneration {unknown}
 r - a potion of haste {unknown}


   Skills:
 + Level 3.8 Fighting
 + Level 2.6 Polearms
 + Level 2.9 Armour
 + Level 1.8 Dodging
 + Level 3.0 Invocations


You had 3 spell levels left.
You didn't know any spells.
Your spell library contained the following spells:

 Spells                   Type           Power      Damage    Failure   Level
 Ensorcelled Hibernation  Hex/Ice        0%         N/A       65%         2
 Spider Form              Tmut/Pois      0%         N/A       87%         3
 Anguish                  Hex/Necr       0%         N/A       99%         4


Dungeon Overview and Level Annotations

Branches:
Dungeon (4/15)
 Temple: D:4-7

Altars:

Shops:
D:4 [


Innate Abilities, Weirdness & Mutations

You cannot be hasted, slowed, berserked, paralysed or teleported.
You can dig through walls and to a lower floor.
You have a pair of large antennae on your head. (SInv)
Your four strong arms can wield two-handed weapons with a shield.


Message History

There is a stone staircase leading up here.
You climb upwards.
Found a stone staircase leading down.
There is a stone staircase leading down here.
Found 3 poisoned darts.
j - 5 poisoned darts (gained 3)
Found a yellow potion.
You sense a monster nearby.
A black bear comes into view.
Found a stone staircase leading up.
The black bear growls angrily.
You hit the black bear.
The black bear is lightly wounded.
The black bear bites you. The black bear closely misses you.
The black bear claws you but does no damage.
You sock the black bear!
The black bear goes berserk!
The black bear is heavily wounded.
The black bear bites you!
The black bear claws you but does no damage. x2
The black bear bites you. The black bear closely misses you.
The black bear claws you but does no damage.
The black bear attacks as you move away!
The black bear bites you. The black bear barely misses you.
The black bear claws you.
* * * LOW HITPOINT WARNING * * *
You barely miss the black bear.
The black bear is heavily wounded.
The black bear bites you.
* * * LOW HITPOINT WARNING * * *
The black bear claws you.
* * * LOW HITPOINT WARNING * * *
The black bear closely misses you. The black bear bites you.
* * * LOW HITPOINT WARNING * * *
The black bear claws you.
* * * LOW HITPOINT WARNING * * *
The black bear closely misses you.
You barely miss the black bear.
The black bear is heavily wounded.
The black bear bites you!
You die...

##.##..# #...#..
{+ ..!...
#.##...#<#
#......h.# #.# ##
#.# .# #+# #h#
.### #.# #@#
...####.##### #.#
............####.#
...###...##......#
.####.....########
.# ##...## ##
##.## ###


You could see a black bear (berserk).

Vanquished Creatures
  Crazy Yiuf (D:2)
  A gnoll (D:1)
  An adder (D:4)
  2 dart slugs
  5 endoplasms
  2 giant cockroaches
  A hobgoblin (D:2)
  A jackal (D:2)
  7 kobolds
  A quokka (D:1)
  2 ball pythons
  A bat (D:2)
  3 frilled lizards
  3 goblins
  5 rats
36 creatures vanquished.

Notes
Turn   | Place    | Note
-------+----------+-------------------------------------------
     0 | Abyss:1  | happo123 the Formicid Abyssal Knight began the quest for
                  | the Orb.
     0 | Abyss:1  | Reached XP level 1. HP: 18/18 MP: 2/2
   135 | Abyss:1  | Noticed an Executioner
   145 | D:1      | Escaped the Abyss
   358 | D:1      | Reached skill level 1 in Dodging
   501 | D:1      | Reached XP level 2. HP: 11/24 MP: 3/3
   718 | D:1      | Reached ** piety under Lugonu
   810 | D:1      | Found a faded altar of an unknown god.
   883 | D:1      | Reached XP level 3. HP: 20/29 MP: 4/4
  1455 | D:2      | Found a runed translucent door.
  1456 | D:2      | Noticed Crazy Yiuf
  1468 | D:2      | Killed Crazy Yiuf
  1469 | D:2      | Reached XP level 4. HP: 4/37 MP: 6/6
  1880 | D:2      | Noticed Terence
  1889 | D:2      | Noticed Terence
  1889 | D:2      | Terence changed into Terence the jackal
  1891 | D:2      | Killed Terence the jackal
  1924 | D:2      | You fall into a shaft and drop 2 floors!
  1975 | D:4      | Found Gyrih's Antique Armour Shop.
  2052 | D:3      | Noticed a black bear
  2061 | D:3      | Mangled by a black bear

Illustrated notes

Levels and vault maps discovered:
D:1:      minmay_arrival_loop, layout_rooms, serial_corexii_hall,
          corexii_hall_statues_deadend, corexii_hall_statues_i,
          chequers_ecumenical_altar_twisty, grunt_decor_junction,
          minmay_misc_feat_tower
D:2:      layout_loops_corners, hangedman_decor_opposing, uniq_terence,
          uniq_crazy_yiuf_cottage
D:3:      layout_loops_corners, general_overflow_altar, serial_shops,
          nicolae_shop_bloodbath_and_beyond
D:4:      layout_basic, serial_shops, kennysheep_little_box,
          grunt_decor_one_mirror, nicolae_shop_overcharged_wands

Skill      XL: |  1  2  3  4 |
---------------+-------------+-----
Dodging        | 1 |  1.8
Invocations    | 3 |  3.0
Fighting       | |  3.8
Polearms       | |  2.6
Armour         | |  2.9

Action                   |  1- 3 |  4- 6 || total
-------------------------+-------+-------++-------
Melee: Spear             |    17 |       ||    17
       Short sword       |    51 |       ||    51
       Quarterstaff      |       |    28 ||    28
       Punch             |       |     1 ||     1
Invok: Depart the Abyss  |     1 |       ||     1
 Abil: Dig               |     1 |       ||     1
 Stab: Sleeping          |       |     1 ||     1
Armor: Leather armour    |     4 |     3 ||     7
       Ring mail         |       |    10 ||    10
Dodge: Dodged            |    26 |    19 ||    45

Table legend: (Time is in decaauts)
 A = Elapsed time spent in this place.
 B = Non-inter-level travel time spent in this place.
 C = Inter-level travel time spent in this place.
 D = Time resting spent in this place.
 E = Time spent auto-exploring this place.
 F = Levels seen in this place.
 G = Mean time per level.
                   A        B        C        D        E       F      G
               +--------+--------+--------+--------+--------+-----+--------+
         Total |   2050 |   1741 |    309 |    491 |    916 |   5 |  410.0 |
       Dungeon |   1905 |   1596 |    309 |    491 |    802 |   4 |  476.2 |
         Abyss |    145 |    145 |      0 |      0 |    114 |   1 |  145.0 |
               +--------+--------+--------+--------+--------+-----+--------+

Top non-repeatable levels by time:
     D:1: 1020 daAuts
     D:2: 747 daAuts
 Abyss:1: 145 daAuts
     D:4: 104 daAuts
     D:3: 34 daAuts
